 Dungeon Crawl Stone Soup version 0.27.1-35-g4d5d836560 (console) character file.

Game seed: 5945601620086390178

9123 Faeu the Brooding (level 11, -18/73 HPs)
             Began as a Grey Draconian Air Elementalist on May 12, 2022.
             Was a Priest of Hepliaklqana.
             Demolished by Urug (25 damage)
             ... on level 11 of the Dungeon on May 13, 2022.
             The game lasted 01:07:14 (9612 turns).

Faeu the Brooding (Grey Draconian Air Elementalist) Turns: 9612, Time: 01:07:15

Health: -18/73     AC: 21    Str: 10 (12) XL:     11   Next: 18%
Magic:  30/30      EV: 12    Int: 16 (17) God:    Hepliaklqana [***...]
Gold:   577        SH:  0    Dex: 10 (12) Spells: 18/23 levels left

rFire    . . .     SeeInvis .   e - +2 dagger (venom) {short}
rCold    . . .     Faith    .   (no shield)
rNeg     . . .     Spirit   .   (armour unavailable)
rPois    .         Reflect  .   (helmet restricted)
rElec    .         Harm     .   F - +2 cloak
rCorr    .         Rampage  .   i - +0 pair of gloves
Will     .....                  E - +0 pair of boots
Stlth    +++.......             n - amulet of regeneration {@e2}
HPRegen  1.22/turn              t - ring of magical power
MPRegen  0.22/turn              K - +4 ring of protection

@: no status effects
A: reduced essence, AC +12, amphibious, unfitting armour, cold-blooded
a: Renounce Religion, Recall Ancestor, Ancestor Identity, Transference


You were on level 11 of the Dungeon.
You worshipped Hepliaklqana.
Hepliaklqana was most pleased with you.
You visited 1 branch of the dungeon, and saw 11 of its levels.
You also visited: Sewer.

You collected 577 gold pieces.


Innate Abilities, Weirdness & Mutations

Your life essence is reduced to manifest your ancestor. (-10% HP)
Your dull iron-grey scales are very hard. (AC +12)
You are amphibious.
You cannot fit into any form of body armour.
You are cold-blooded and may be slowed by cold attacks.


   Skills:
 + Level 3.4 Fighting
 + Level 2.7 Short Blades
 - Level 2.9 Dodging
 + Level 7.2 Stealth
 + Level 6.7 Spellcasting
 + Level 6.9 Conjurations
 + Level 5.8 Summonings
 - Level 3.7 Air Magic
 + Level 7.2 Earth Magic
 + Level 7.5 Invocations


You had 18 spell levels left.
You knew the following spells:

 Your Spells              Type           Power      Damage    Failure   Level
a - Shock                 Conj/Air       88%        1d8       1%          1
b - Swiftness             Air            17%        N/A       9%          3
c - Summon Small Mammal   Summ           96%        N/A       1%          1

Your spell library contained the following spells:

 Spells                   Type           Power      Damage    Failure   Level
 Static Discharge         Conj/Air       22%        N/A       2%          2
 Call Canine Familiar     Summ           24%        N/A       3%          3
 Summon Guardian Golem    Hex/Summ       14%        N/A       12%         3
 Ensorcelled Hibernation  Hex/Ice        10%        N/A       19%         2
 Iskenderun's Battlesphe  Conj           27%        2d8       21%         5
 Airstrike                Air            8%         N/A       26%         4
 Spider Form              Tmut/Pois      2%         N/A       36%         3
 Fireball                 Conj/Fire      8%         3d6       65%         5
 Shadow Creatures         Summ           N/A        N/A       87%         6
 Conjure Ball Lightning   Conj/Air       11%        3x3d6     91%         6
 Orb of Destruction       Conj           13%        9d6       99%         7

Inventory:

Hand Weapons
 e - a +2 dagger of venom (weapon) {short}
   (You took it off a goblin on level 1 of the Dungeon)
Missiles
 c - 117 arrows
 g - 213 stones {throwing}
 p - 42 sling bullets
 s - 64 bolts
 v - 7 boomerangs {throwing}
 C - 16 poisoned darts {throwing}
 D - a throwing net {=f!fthrowing}
 M - 2 curare-tipped darts {=fthrowing}
Armour
 i - a +0 pair of gloves (worn)
   (You found it on level 1 of the Dungeon)
 E - a +0 pair of boots (worn)
   (You found it on level 7 of the Dungeon)
 F - a +2 cloak (worn)
   (You found it on level 7 of the Dungeon)
Magical Staves
 k - a staff of fire {!astaff}
   (You found it on level 1 of the Dungeon)
Jewellery
 n - an amulet of regeneration (around neck) {@e2}
   (You took it off a hobgoblin on level 2 of the Dungeon)
 t - a ring of magical power (left hand)
   (You found it on level 4 of the Dungeon)
 G - a +6 ring of dexterity
   (You found it on level 8 of the Dungeon)
 K - a +4 ring of protection (right hand)
   (You found it on level 8 of the Dungeon)
Wands
 z - a wand of flame (20)
   (You took it off Grinder on level 6 of the Dungeon)
 H - a wand of polymorph (10)
   (You took it off Maggie on level 8 of the Dungeon)
 I - a wand of acid (8)
   (You found it on level 8 of the Dungeon)
Scrolls
 b - 3 scrolls of magic mapping {unknown}
 d - 2 scrolls of enchant weapon {unknown}
 f - a scroll of summoning {unknown}
 h - 4 scrolls of fear {unknown}
 j - 6 scrolls of identify {unknown}
 o - 9 scrolls of teleportation {@r4}
 r - 2 scrolls of fog {unknown}
 w - a scroll of immolation {unknown}
 x - 2 scrolls of amnesia {unknown}
 y - a scroll of enchant armour {unknown}
Potions
 a - 3 potions of degeneration {!q@e2}
 l - 3 potions of heal wounds {unknown}
 m - a potion of ambrosia {unknown}
 q - 2 potions of berserk rage {unknown}
 u - 3 potions of magic {unknown}
 A - 3 potions of curing {unknown}
 B - a potion of lignification {unknown}
 J - 4 potions of cancellation {unknown}
 L - 2 potions of mutation {unknown}
 N - a potion of resistance {unknown}
 O - 3 potions of haste {@q3}
 P - a potion of flight {unknown}

Dungeon Overview and Level Annotations

Branches:
Dungeon (11/15)            Temple (0/1) D:7            Lair (0/6) D:8
    Orc (0/2) D:9           Sewer (visited)

Altars:
Elyvilon
Fedhas
Gozag
Hepliaklqana
Nemelex Xobeh
Okawaru
Qazlal
Ru
Trog
Uskayaw
Yredelemnul
The Shining One

Shops:
D:1 *   D:3 (   D:5 [   D:7 (

Annotations:
D:10 Sonja
D:11 Urug

#.# #########.........# .
#.# #....)............#
#.#######.........##......#
..................##......#
#.#######.........##......#
#.# #.......(.##......# #.#
#####.######......# #.#
#.####.......# ..#
#..#.........# ########
##.#.........# ........
#))@o)......# ≈≈≈≈≈≈≈≈
##.##.......# ........
#.##.......# .≈≈≈≈≈≈≈
#.##.......# .≈≈≈≈≈≈≈
#.##.......# .≈≈≈;≈≈;
#.##..)....# ...≈;≈≈≈
#.#####o#### .≈.≈≈≈≈≈ #..
#.# ##. #.# #†# #.#


You could see Urug (extremely poisoned).


Message History

The zap misses Grum.
The zap misses the wolf.
Grum hits you from afar with a +0 spear.
Grum barely misses you. 😕 HP[-1]
You take 1 damage, and now have 67/73 hp.
The zap hits Grum!
The zap hits the wolf.
Grum hits you but does no damage. 😕 HP[+1] MP[-1]
You lost 1 mp, and now have 25/30 mp.
Grum hits you with a +0 spear.
Urug the Orcish Ballista comes into view.
She is wielding a +5 eveningstar.
Grum misses you.
You see here a wolf corpse. 😕 HP[-3]
You take 3 damage, and now have 65/73 hp.
You hit Grum.
Grum is poisoned.
A centaur comes into view.
Grum closely misses you.
The centaur moves out of view. 😕 HP[+1] Grum hits you but does no damage.
Grum hits you from afar with a +0 spear. 😕 HP[+1] MP[+1] Grum misses you. 😕 HP[+1]
The zap hits Grum.
The zap hits the wolf but does no damage.
The zap hits Urug.
Grum hits you from afar with a +0 spear. 😕 HP[+1] MP[-1]
You lost 1 mp, and now have 25/30 mp.
Grum barely misses you. 😕 HP[+1] Grum shouts, "Pluto!
Good boy!" 😕 HP[+1] MP[+1] Grum misses you. 😕 HP[+1]
You kill Grum! 😎 HP[+1]
Your hp is fully restored (73).
Urug screams, "All you harpies will die!"
The wolf pauses to sniff the ground.
The wolf barely misses you. 😎 MP[+1]
The wolf closely misses you.
You miss the wolf. The wolf misses you.
You barely miss the wolf. You tail-slap the wolf. The wolf barely misses you.
The wolf closely misses you.
You hit the wolf.
The wolf is poisoned.
The wolf bites you but does no damage.
You hit the wolf.
You kill the wolf! 😎 MP[+1] Urug hits you with a +5 eveningstar. 😕 HP[-1]
You take 1 damage, and now have 72/73 hp.
You hit Urug.
Urug is poisoned. 😎 HP[+1]
Your hp is fully restored (73).
You hit Urug.
Urug hits you with a +5 eveningstar! 😕 HP[-14]
You take 14 damage, and now have 59/73 hp.
You closely miss Urug.
Your tail-slap misses Urug.
Urug hits you but does no damage. 😕 HP[+1]
You hit Urug.
Urug looks as sick as possible!
Urug hits you but does no damage. 😕 HP[+1] MP[+1]
You hit Urug but do no damage.
Urug looks as sick as possible!
Urug barely misses you. 😕 HP[+1]
You hit Urug.
Urug looks as sick as possible!
You tail-slap Urug, but do no damage. Urug barely misses you. 😕 HP[+1]
You hit Urug.
Urug looks as sick as possible!
Urug closely misses you. 😕 HP[+1]
You closely miss Urug. 😕 HP[+1]
You barely miss Urug.
Urug hits you with a +5 eveningstar! 😕 HP[-8] MP[+1]
You take 8 damage, and now have 57/73 hp.
Your mp is fully restored (30).
You barely miss Urug.
Urug hits you with a +5 eveningstar! 😮 HP[-14]
You take 14 damage, and now have 43/73 hp.
You closely miss Urug.
Your tail-slap misses Urug.
Urug hits you with a +5 eveningstar!
* * * LOW HITPOINT WARNING * * *
😨 HP[-13]
You take 13 damage, and now have 30/73 hp.
You are too injured to fight recklessly!
You barely miss Urug. Urug misses you. 😨 HP[+1]
You hit Urug.
Urug looks as sick as possible!
You tail-slap Urug, but do no damage. Urug hits you with a +5 eveningstar!!
* * * LOW HITPOINT WARNING * * *
😱 HP[-26]
You take 26 damage, and now have 5/73 hp.
MASSIVE DAMAGE!! (PAUSE) It was a potion of degeneration.
There was something very wrong with that liquid.
You feel weakened.
You feel dopey.
You feel clumsy. Urug hits you with a +5 eveningstar!!
You die...

Skill      XL: |  1  2  3  4  5  6  7  8  9 10 11 |
---------------+----------------------------------+-----
Stealth        | 2 3 4 5 6 7 |  7.2
Dodging        | 2 |  2.9
Short Blades   | 1 2 |  2.7
Invocations    | 1 2 3 5 6 7 |  7.5
Fighting       | 1 3 |  3.4
Conjurations   | 2 3 4 5 6 |  6.9
Air Magic      | 3 |  3.7
Spellcasting   | 3 4 5 6 |  6.7
Earth Magic    | 1 3 5 6 7 |  7.2
Summonings     | 1 3 4 5 |  5.8

Action                   |  1- 3 |  4- 6 |  7- 9 | 10-12 || total
-------------------------+-------+-------+-------+-------++-------
Melee: Unarmed           |     6 |       |       |       ||     6
       Dagger            |    52 |   187 |   342 |   315 ||   896
       Tailslap          |     9 |    22 |    38 |    45 ||   114
 Cast: Shock             |    13 |    51 |   126 |   129 ||   319
       Swiftness         |       |     1 |       |       ||     1
       Summon Small Mamm |       |       |    13 |    19 ||    32
Invok: Ancestor Life: Kn |       |       |     1 |       ||     1
  Use: Scroll            |       |     1 |       |       ||     1
       Potion            |       |       |       |     1 ||     1
 Stab: Sleeping          |     3 |     6 |     2 |     1 ||    12
       Distracted        |       |       |     2 |       ||     2
Armor: Skin              |    18 |    81 |   163 |   234 ||   496
Dodge: Dodged            |    27 |    93 |   205 |   233 ||   558

Levels and vault maps discovered:
D:1:      dpeg_arrival_pits, layout_basic, serial_shops,
          nicolae_shop_behind_doors, st_stairs_3
D:2:      layout_basic, basic_altar, minmay_worlds_worst_comb
D:3:      layout_basic, lemuel_round_altar, chequers_temple_overflow_minitemple,
          lightli_sewer_entry_pipes, ebering_ecumenical_altar_hall,
          serial_shops, shop, minmay_statues_item
D:4:      layout_basic, kennysheep_windowed_goal
D:5:      layout_loops_ring, nicolae_ru_great_annihilating_truth,
          mainiacjoe_overflow_alcove_2, serial_shops, shop
D:6:      layout_rooms, lemuel_round_altar, grunt_temple_overflow_open,
          uniq_grinder
D:7:      layout_cave_pods, nicolae_overflow_crystal_walls,
          minmay_temple_entry_mini_moons, nicolae_shop_firing_range
D:8:      layout_basic, nicolae_tso_carved_into_rock, erik_lair_island,
          uniq_maggie
D:9:      layout_cave_pools, mainiacjoe_overflow_six_doors_small, david_orc_2,
          eino_house_with_fridge
D:10:     layout_roguey, lightli_corner_chamber, uniq_sonja
D:11:     layout_basic, uniq_urug, uniq_grum, uniq_harold

Notes
Turn   | Place    | Note
-------+----------+-------------------------------------------
     0 | D:1      | Faeu the Draconian Air Elementalist began the quest for the
                  | Orb.
     0 | D:1      | Reached XP level 1. HP: 14/14 MP: 3/3
     0 | D:1      | magus.rc [v1.9.6]
   301 | D:1      | Reached skill level 2 in Stealth
   301 | D:1      | Reached XP level 2. HP: 20/20 MP: 1/5
   432 | D:1      | Found Efreigev's General Store.
   740 | D:1      | Reached skill level 2 in Dodging
   740 | D:1      | Reached XP level 3. HP: 24/27 MP: 6/6
   955 | D:2      | Reached skill level 1 in Short Blades
   955 | D:2      | Reached skill level 1 in Invocations
  1031 | D:2      | Reached XP level 4. HP: 31/34 MP: 7/7
  1124 | D:2      | Found a sparkling altar of Nemelex Xobeh.
  1165 | D:2      | You pick up a book of Dreams and begin reading...
  1165 | D:2      | You add the spells Ensorcelled Hibernation, Spider Form and
                  | Shadow Creatures to your library.
  1860 | D:3      | Found a faded altar of an unknown god.
  1917 | D:3      | Found a basalt altar of Yredelemnul.
  2009 | D:3      | Reached skill level 1 in Fighting
  2009 | D:3      | Reached XP level 5. HP: 20/40 MP: 2/8
  2044 | D:3      | Found a glowing drain.
  2048 | Sewer    | Entered a sewer
  2103 | Sewer    | Reached skill level 2 in Invocations
  2152 | Sewer    | Noticed Purgy
  2162 | Sewer    | Killed Purgy
  2351 | D:3      | Found Guirgh's Weapon Boutique.
  2538 | D:3      | Reached skill level 2 in Conjurations
  2538 | D:3      | Reached XP level 6. HP: 44/47 MP: 5/10
  2596 | D:3      | You pick up a book of Callings and begin reading...
  2596 | D:3      | You add the spells Summon Small Mammal, Call Canine
                  | Familiar and Summon Guardian Golem to your library.
  2610 | D:3      | Reached skill level 3 in Stealth
  2877 | D:3      | Found a faded altar of an unknown god.
  2877 | D:3      | Found a faded altar of an unknown god.
  2882 | D:3      | Found a blossoming altar of Fedhas.
  2887 | D:3      | Found a hazy altar of Hepliaklqana.
  2889 | D:3      | Found a hide-covered altar of Uskayaw.
  2894 | D:3      | Became a worshipper of Hepliaklqana the Forgotten
  3115 | D:4      | Reached skill level 4 in Air Magic
  3230 | D:4      | magus.rc [v1.9.6]
  3230 | D:4      | magus.rc [v1.9.6]
  3234 | D:4      | Learned a level 3 spell: Swiftness
  3278 | D:4      | Reached skill level 3 in Spellcasting
  3306 | D:5      | Entered Level 5 of the Dungeon
  3360 | D:5      | Found Conweiv's Armour Emporium.
  3476 | D:5      | Reached skill level 3 in Invocations
  3476 | D:5      | Your scales start taking on a dull iron-grey colour.
  3476 | D:5      | Reduced skill Air Magic to level 3
  3476 | D:5      | Reached XP level 7. HP: 53/53 MP: 11/11
  3640 | D:5      | Reached skill level 3 in Conjurations
  3775 | D:5      | Reached skill level 1 in Earth Magic
  3799 | D:5      | Reached skill level 4 in Stealth
  3799 | D:5      | Reached skill level 1 in Summonings
  3799 | D:5      | Reached XP level 8. HP: 61/61 MP: 13/13
  3854 | D:5      | Reached skill level 4 in Invocations
  3909 | D:5      | Reached skill level 4 in Spellcasting
  3909 | D:5      | HP: 15/61 [poisoned by a water moccasin]
  4010 | D:5      | Found a sparkling altar of Nemelex Xobeh.
  4078 | D:5      | Found a sacrificial altar of Ru.
  4085 | D:5      | Reached skill level 2 in Earth Magic
  4149 | D:5      | Reached skill level 2 in Summonings
  4237 | D:5      | Reached skill level 4 in Conjurations
  4281 | D:5      | Reached * piety under Hepliaklqana
  4553 | D:6      | Reached skill level 3 in Earth Magic
  4763 | D:6      | Reached skill level 5 in Stealth
  4782 | D:6      | Reached skill level 5 in Invocations
  4965 | D:6      | Reached skill level 3 in Summonings
  4986 | D:6      | Reached XP level 9. HP: 58/60 MP: 16/16
  5081 | D:6      | Found a white marble altar of Elyvilon.
  5083 | D:6      | Found a stormy altar of Qazlal.
  5137 | D:6      | Found an iron altar of Okawaru.
  5304 | D:6      | Noticed Grinder
  5307 | D:6      | Learned a level 1 spell: Summon Small Mammal
  5340 | D:6      | Killed Grinder
  5341 | D:6      | Reached skill level 4 in Earth Magic
  5461 | D:7      | Reached skill level 5 in Spellcasting
  5567 | D:7      | Found a staircase to the Ecumenical Temple.
  5686 | D:7      | Reached skill level 5 in Conjurations
  5736 | D:7      | Reached ** piety under Hepliaklqana
  5737 | D:7      | Remembered your ancestor Nindada as a knight
  5821 | D:7      | Found Ifruon's Firing Range.
  5949 | D:7      | Found a bloodstained altar of Trog.
  6445 | D:8      | Noticed Maggie
  6463 | D:8      | Killed Maggie
  6464 | D:8      | Reached skill level 4 in Summonings
  6464 | D:8      | Reached skill level 5 in Earth Magic
  6484 | D:8      | You pick up a book of the Spheres and begin reading...
  6484 | D:8      | You add the spells Iskenderun's Battlesphere, Fireball,
                  | Conjure Ball Lightning and Orb of Destruction to your
                  | library.
  6495 | D:8      | Noticed a troll
  6506 | D:8      | Killed a troll
  6507 | D:8      | Reached skill level 6 in Invocations
  6515 | D:8      | Reached skill level 6 in Stealth
  6549 | D:8      | Reached XP level 10. HP: 33/65 MP: 18/18
  6556 | D:8      | Found a staircase to the Lair.
  6661 | D:8      | Reached skill level 6 in Earth Magic
  6662 | D:8      | Reached skill level 6 in Spellcasting
  6662 | D:8      | Reached skill level 6 in Conjurations
  6745 | D:8      | Reached skill level 5 in Summonings
  6828 | D:8      | Found a glowing golden altar of the Shining One.
  7483 | D:9      | Found a staircase to the Orcish Mines.
  7513 | D:9      | Reached skill level 2 in Fighting
  7591 | D:9      | Reached skill level 7 in Invocations
  7743 | D:9      | Found an opulent altar of Gozag.
  7950 | D:9      | Noticed a necromancer
  8073 | D:9      | Killed a necromancer
  8167 | D:9      | Reached skill level 2 in Short Blades
  8229 | D:10     | Entered Level 10 of the Dungeon
  8358 | D:10     | Reached *** piety under Hepliaklqana
  8416 | D:10     | Noticed a deep elf pyromancer
  8416 | D:10     | Noticed a centaur warrior
  8417 | D:10     | Noticed a centaur warrior
  8524 | D:10     | Noticed Sonja
  8726 | D:11     | Reached skill level 7 in Stealth
  8727 | D:11     | HP: 15/67 [water elemental (9)]
  8735 | D:11     | Reached skill level 3 in Fighting
  8735 | D:11     | Reached XP level 11. HP: 17/73 MP: 16/20
  8825 | D:11     | HP: 18/73 [komodo dragon (21)]
  8832 | D:11     | Reached skill level 7 in Earth Magic
  9352 | D:11     | magus.rc [v1.9.6]
  9572 | D:11     | Noticed Grum
  9580 | D:11     | Noticed Urug
  9589 | D:11     | Killed Grum
  9611 | D:11     | HP: 5/73 [Urug (27)]
  9612 | D:11     | Demolished by Urug

Vanquished Creatures
  A komodo dragon (D:11)
  4 trolls
  Grinder (D:6)
  A wyvern (D:10)
  A water elemental (D:11)
  A yak (D:8)
  Grum (D:11)
  2 water moccasins
  3 orc warriors
  Purgy (Sewer)
  A sky beast (D:5)
  A black bear (D:5)
  3 wolves
  A centaur (D:6)
  An ogre (D:5)
  3 kobold brigands
  5 phantoms
  2 bullfrogs
  A gnoll sergeant (D:11)
  6 scorpions
  2 wyvern skeletons (D:6)
  9 killer bees
  3 wights (D:7)
  5 howler monkeys
  2 centaur zombies
  6 hounds
  2 orc priests
  2 gnoll shamans
  2 centaur skeletons (D:6)
  An iguana (D:7)
  7 orc wizards
  A polar bear simulacrum (D:9)
  A wolf simulacrum (D:9)
  A howler monkey zombie (D:8)
  11 gnolls
  11 adders
  2 ufetubi (D:4)
  5 worms
  25 orcs
  6 bats
  6 endoplasms
  5 giant cockroaches
  5 goblins
  5 hobgoblins
  6 jackals (D:3)
  4 quokkas
  A training dummy (D:7)
  6 ball pythons
  3 frilled lizards
  16 kobolds
  8 rats
  3 river rat simulacra (D:9)
212 creatures vanquished.

Vanquished Creatures (collateral kills)
  A necromancer (D:9)
  A centaur zombie (D:10)
  Maggie (D:8)
  A troll (D:9)
  4 yaks (D:8)
  A water moccasin (D:9)
  An orc warrior (D:9)
  A wolf (D:8)
  A centaur (D:6)
  An ogre (D:6)
  2 bullfrogs
  3 killer bees
  3 electric eels (D:8)
  5 wights (D:9)
  2 howler monkeys (D:8)
  3 hounds (D:8)
  A centaur skeleton (D:7)
  An iguana (D:6)
  An orc wizard (D:9)
  5 polar bear simulacra (D:9)
  A yak simulacrum (D:9)
  An adder (D:6)
  6 orcs
  5 kobolds
  2 training dummies (D:7)
54 creatures vanquished.

Vanquished Creatures (others)
  A knight (D:9)
  2 ancestors (D:6)
3 creatures vanquished.

Grand Total: 269 creatures vanquished

Table legend:
 A = Non-vault XP
 B = Vault XP
 C = Vault XP percentage of total XP
 D = Non-vault monster count
 E = Vault monster count
 F = Vault count percentage of total count
                 A         B        C        D         E       F
            +---------+---------+-------+---------+---------+-------
      Total |   10063 |    2970 |  22.8 |     210 |      56 |  21.1
            +---------+---------+-------+---------+---------+-------
        D:1 |      44 |       3 |   6.4 |      27 |       2 |   6.9
        D:2 |      90 |       8 |   8.2 |      13 |       4 |  23.5
        D:3 |      97 |      65 |  40.1 |      17 |       7 |  29.2
        D:4 |     168 |       0 |   0.0 |       6 |       0 |   0.0
        D:5 |    1565 |      50 |   3.1 |      30 |       4 |  11.8
        D:6 |     932 |     250 |  21.2 |      21 |       1 |   4.5
        D:7 |     775 |       6 |   0.8 |      12 |       3 |  20.0
        D:8 |    2141 |    1024 |  32.4 |      30 |       7 |  18.9
        D:9 |    1412 |    1017 |  41.9 |      29 |      19 |  39.6
       D:10 |     706 |       0 |   0.0 |       3 |       0 |   0.0
       D:11 |    2133 |     406 |  16.0 |      22 |       3 |  12.0
      Sewer |       0 |     141 | 100.0 |       0 |       6 | 100.0
            +---------+---------+-------+---------+---------+-------

Illustrated notes

Table legend:
 A = Kills in this place as a percentage of kills in entire the game.
 B = Kills by you in this place as a percentage of kills by you in the entire game.
 C = Kills by friends in this place as a percentage of kills by friends in the entire game.
 D = Other kills in this place as a percentage of other kills in the entire game.
 E = Experience gained in this place as a percentage of experience gained in the entire game.
 F = Experience gained in this place divided by the number of levels of this place that you have seen.
                   A       B       C       D       E      F
               +-------+-------+-------+-------+-------+----------------------
         Total | 100.0 | 100.0 | 100.0 |   N/A | 100.0 | 1086.1
       Dungeon |  97.7 |  97.2 | 100.0 |   N/A |  98.9 | 1172.0
         Sewer |   2.3 |   2.8 |   0.0 |   N/A |   1.1 | 141.0
               +-------+-------+-------+-------+-------+----------------------

Table legend: (Time is in decaauts)
 A = Elapsed time spent in this place.
 B = Non-inter-level travel time spent in this place.
 C = Inter-level travel time spent in this place.
 D = Time resting spent in this place.
 E = Time spent auto-exploring this place.
 F = Levels seen in this place.
 G = Mean time per level.
                   A        B        C        D        E       F      G
               +--------+--------+--------+--------+--------+-----+--------+
         Total |   9612 |   9303 |    309 |    646 |   4442 |  12 |  801.0 |
       Dungeon |   9418 |   9109 |    309 |    646 |   4319 |  11 |  856.2 |
         Sewer |    193 |    193 |      0 |      0 |    123 |   1 |  193.0 |
               +--------+--------+--------+--------+--------+-----+--------+

Top non-repeatable levels by time:
     D:5: 1282 daAuts
    D:11: 1076 daAuts
     D:3: 1033 daAuts
     D:8: 976 daAuts
     D:1: 948 daAuts
     D:7: 945 daAuts
     D:9: 906 daAuts
     D:2: 854 daAuts
     D:6: 830 daAuts
     D:4: 304 daAuts
    D:10: 261 daAuts
   Sewer: 193 daAuts
